 Dungeon Crawl Stone Soup version 0.29.1-2-gbd0b4ee654 (webtiles) character file.

Game seed: 458271833047350407

782 concernfroge the Fighter (level 7, 0/64 HPs)
             Began as a Mummy Monk on Nov 20, 2022.
             Was an Initiate of Gozag.
             Slain by Crazy Yiuf
             ... wielding a +3 quarterstaff of chaos
              (5 damage)
             ... on level 3 of the Dungeon.
             The game lasted 00:10:47 (4869 turns).

concernfroge the Fighter (Mummy Monk)               Turns: 4869, Time: 00:10:48

Health: 0/64       AC:  7    Str: 16    XL:     7   Next: 55%
Magic:  0/7        EV:  9    Int: 10    God:    Gozag
Gold:   384        SH:  3    Dex: 14    Spells: 6/6 levels left

rFire   x . .      SeeInvis .   b - +2 war axe
rCold   + + .      Faith    .   e - +0 buckler
rNeg    + + +      Spirit   +   i - +0 scale mail {rC+}
rPois   ∞          Reflect  .   (no helmet)
rElec   .          Harm     .   (no cloak)
rCorr   +          Rampage  .   o - +0 pair of gloves
Will    .....                   (no boots)
Stlth   ..........              m - amulet of guardian spirit
HPRegen 0.20/turn               c - ring of resist corrosion
MPRegen 0.10/turn               (no ring)

@: no status effects
A: cold resistance 1, negative energy resistance 3, torment resistance 2, heat
vulnerability 1, in touch with death 1, no potions
a: Renounce Religion, Potion Petition, Call Merchant, Bribe Branch


You were on level 3 of the Dungeon.
You worshipped Gozag.
Gozag was aware of your devotion.
You visited 1 branch of the dungeon, and saw 4 of its levels.

You collected 384 gold pieces.

Inventory:

Hand Weapons
 b - a +2 war axe (weapon)
Missiles
 d - 6 boomerangs (quivered)
Armour
 e - a +0 buckler (worn)
 i - a +0 scale mail of cold resistance (worn)
 o - a +0 pair of gloves (worn)
Jewellery
 c - a ring of resist corrosion (left hand)
 m - an amulet of guardian spirit (around neck)
Wands
 f - a wand of flame (22)
Scrolls
 a - a scroll of enchant armour {unknown}
 j - a scroll of magic mapping
 k - a scroll of noise {unknown}
 l - 3 scrolls of teleportation {unknown}


   Skills:
 + Level 9.1 Fighting
 - Level 2.4 Polearms
 - Level 2.4 Dodging
 - Level 1.5 Stealth


You had 6 spell levels left.
You didn't know any spells.
Your spell library contained the following spells:

 Spells                   Type           Power      Damage    Failure   Level
 Magic Dart               Conj           0%         1d3       90%         1
 Ensorcelled Hibernation  Hex/Ice        0%         N/A       97%         2
 Passwall                 Tmut/Erth      0%         N/A       97%         2
 Searing Ray              Conj           0%         2d4       97%         2
 Static Discharge         Conj/Air       0%         3-3/arc   97%         2
 Swiftness                Air            0%         N/A       99%         3
 Cause Fear               Hex            0%         N/A       100%        4
 Fulminant Prism          Conj/Hex       0%         3d6       100%        4
 Lightning Bolt           Conj/Air       0%         1d11      100%        5
 Maxwell's Capacitive Co  Air            0%         ∞         100%        8
 Dragon's Call            Summ           0%         N/A       100%        9
 Dragon Form              Tmut           Unusable   N/A       N/A         7

Dungeon Overview and Level Annotations

Branches:
Dungeon (4/15)
 Temple: D:4-7

Altars:
Gozag
Trog

Shops:
D:1 [*=?

Annotations:
D:3 2 runed translucent doors, Crazy Yiuf; sigtrap's ghost, amateur SpBr


Innate Abilities, Weirdness & Mutations

You are immune to poison.
Your flesh is cold resistant. (rC+)
You are immune to negative energy. (rN+++)
You are immune to unholy pain and torment.
You are vulnerable to heat. (rF-)
You are in touch with the powers of death.
You do not drink.


Message History

You hit Crazy Yiuf.
Crazy Yiuf is moderately wounded.
Crazy Yiuf says, "Flower!"
Crazy Yiuf closely misses you.
You barely miss Crazy Yiuf.
Crazy Yiuf is moderately wounded.
You block Crazy Yiuf's attack.
Crazy Yiuf hits you with a +3 quarterstaff of chaos!
You closely miss Crazy Yiuf.
Crazy Yiuf is moderately wounded.
Crazy Yiuf hits you with a +3 quarterstaff of chaos!
You feel your power leaking away.
You are too injured to fight recklessly!
You hit Crazy Yiuf.
Crazy Yiuf is moderately wounded.
Crazy Yiuf hits you with a +3 quarterstaff of chaos.
You convulse.
You hit Crazy Yiuf but do no damage.
Crazy Yiuf is moderately wounded.
You block Crazy Yiuf's attack. Crazy Yiuf hits you but does no damage.
You slash Crazy Yiuf!
Crazy Yiuf is severely wounded.
Crazy Yiuf hits you with a +3 quarterstaff of chaos.
You suddenly lose the ability to move!
Crazy Yiuf hits you with a +3 quarterstaff of chaos!
* * * LOW HITPOINT WARNING * * *
Crazy Yiuf burns you.
* * * LOW HITPOINT WARNING * * *
Crazy Yiuf completely misses you.
You can move again.
You hit Crazy Yiuf.
Crazy Yiuf is severely wounded.
You block Crazy Yiuf's attack.
Crazy Yiuf hits you with a +3 quarterstaff of chaos.
* * * LOW HITPOINT WARNING * * *
You barely miss Crazy Yiuf.
Crazy Yiuf is severely wounded.
Crazy Yiuf hits you with a +3 quarterstaff of chaos.
You die...
Your body crumbles into a pile of gold.

#.# #....#
#....###..#
#..## #.#
####.#
#....# #..##
#..# #.# #.#
♣....♣ #...#
#..#
#.#****#.#
♣♣...♣ #...#
#..##
*,,,,,,..#
♣♣.♣♣
#...###...##
,,,,,,,,,*
♣♣.♣
#..........#
#*********
♣.♣♣
###.###...#.
## ♣♣.♣
*#...###.##.
.# ♣@♣♣
*...........
.# *#g#*
*#...###.###
.# *...*
#*,** #.# ##
#...# ***
#.# #)..#
#.# ###*
##### #.#
...* #.###
##.*
###########
#.##. *,*
#.........#
#.##.


You could see Crazy Yiuf.

Vanquished Creatures
  Grinder (D:3)
  Sigmund (D:3)
  A water moccasin (D:4)
  A hound (D:4)
  2 orc priests (D:4)
  3 orc wizards (D:4)
  10 adders
  2 worms (D:3)
  14 orcs
  9 ball pythons
  A bat (D:2)
  3 endoplasms
  2 giant cockroaches
  11 hobgoblins
  2 jackals (D:1)
  4 goblins
  10 kobolds
  3 rats
80 creatures vanquished.

Vanquished Creatures (others)
  A plant (D:1)
1 creature vanquished.

Grand Total: 81 creatures vanquished

Notes
Turn   | Place    | Note
-------+----------+-------------------------------------------
     0 | D:1      | concernfroge the Mummy Monk began the quest for the Orb.
     0 | D:1      | Reached XP level 1. HP: 18/18 MP: 1/1
    56 | D:1      | Found Erailidgh's Magic Scroll Boutique.
   227 | D:1      | Reached XP level 2. HP: 24/24 MP: 2/2
   376 | D:1      | Found Irphir's General Store.
   475 | D:1      | Found Ydetrieqing's Armour Boutique.
   554 | D:1      | Found Ycaijat's Jewellery Emporium.
  1318 | D:2      | Reached skill level 4 in Fighting
  1318 | D:2      | Gained mutation: You are in touch with the powers of death.
                  | [Mummy growth]
  1318 | D:2      | Reached XP level 3. HP: 25/30 MP: 3/3
  1603 | D:2      | Noticed a great orb of eyes
  1636 | D:2      | Noticed a golden eye
  1638 | D:2      | Found a faded altar of an unknown god.
  1640 | D:2      | Noticed a golden eye
  1640 | D:2      | Noticed a floating eye
  2103 | D:3      | Found a large runed translucent door.
  2115 | D:3      | Found a large runed translucent door.
  2115 | D:3      | Noticed sigtrap's ghost (amateur SpBr)
  2233 | D:3      | Noticed Grinder
  2235 | D:3      | Paralysed by Grinder for 4 turns
  2251 | D:3      | Killed Grinder
  2252 | D:3      | Reached skill level 6 in Fighting
  2252 | D:3      | Reached XP level 4. HP: 4/41 MP: 1/4
  2252 | D:3      | Reached XP level 5. HP: 5/47 MP: 1/5
  2617 | D:3      | Noticed Sigmund
  2746 | D:4      | Reached XP level 6. HP: 53/53 MP: 6/6
  2785 | D:4      | Reached skill level 7 in Fighting
  3212 | D:4      | Noticed a water moccasin
  3220 | D:4      | Killed a water moccasin
  3342 | D:4      | Found a bloodstained altar of Trog.
  3504 | D:4      | Reached skill level 8 in Fighting
  3755 | D:4      | Reached XP level 7. HP: 58/62 MP: 7/7
  3991 | D:4      | Found an opulent altar of Gozag.
  3998 | D:4      | Became a worshipper of Gozag Ym Sagoz the Greedy
  4525 | D:3      | Killed Sigmund
  4526 | D:3      | Reached skill level 9 in Fighting
  4853 | D:3      | Found a runed translucent door.
  4854 | D:3      | Noticed Crazy Yiuf
  4865 | D:3      | Paralysed by Crazy Yiuf for 3 turns
  4869 | D:3      | Slain by Crazy Yiuf

Illustrated notes

Levels and vault maps discovered:
D:1:      psy_arrival_basics, layout_loops_ring, serial_forest,
          infiniplex_forest_lined_3, infiniplex_forest_lined_3,
          infiniplex_forest_side_room, infiniplex_forest_clump_long,
          infiniplex_forest_corner_2, infiniplex_forest_lined_4_way,
          infiniplex_forest_lined_2, infiniplex_forest_lined_1, serial_shops,
          nicolae_shop_behind_doors, nicolae_shop_crystal, nicolae_square_shop,
          nicolae_shop_advertising_works [nicolae_subvault_shop_adworks]
D:2:      kennysheep_big_flooded_room, layout_basic,
          hellmonk_ecumenical_altar_watching_god, minmay_tree_intersection,
          kennysheep_potato
D:3:      layout_loops_corners, lightli_sewer_entry_pipes,
          ebering_ghost_disaster_area, st_stairs_7, uniq_grinder, uniq_sigmund,
          uniq_crazy_yiuf_cottage
D:4:      layout_loops_corners, grunt_gozag_statues,
          nicolae_overflow_hidden_temple

Skill      XL: |  1  2  3  4  5  6  7 |
---------------+----------------------+-----
Fighting       | 4 6 8 9 |  9.1
Polearms       | |  2.4
Dodging        | |  2.4
Stealth        | |  1.5

Action                   |  1- 3 |  4- 6 |  7- 9 || total
-------------------------+-------+-------+-------++-------
Melee: Spear             |   103 |       |       ||   103
       War axe           |    13 |    82 |    84 ||   179
Throw: Boomerang         |       |     2 |     2 ||     4
  Use: Scroll            |     3 |     4 |     1 ||     8
 Stab: Sleeping          |     2 |       |       ||     2
Armor: Robe              |     1 |       |       ||     1
       Leather armour    |    15 |       |       ||    15
       Scale mail        |     6 |    51 |    28 ||    85
       Ring mail         |     1 |       |       ||     1
Dodge: Dodged            |    55 |    57 |    24 ||   136
Block: Buckler           |       |     1 |     9 ||    10
